 Dungeon Crawl Stone Soup version 0.24.0-123-gd5b16e6ec5 (webtiles) character file.

Game seed: 6782161536422103820, levelgen mode: deterministic

1227 Goreval the Skirmisher (level 8, -3/64 HPs)
             Began as a Demonspawn Monk on Dec 17, 2019.
             Was a Believer of Makhleb.
             Slain by a cyan ugly thing (4 damage)
             ... on level 6 of the Dungeon.
             The game lasted 00:14:41 (6026 turns).

Goreval the Skirmisher (Demonspawn Monk)            Turns: 6026, Time: 00:14:41

Health: -3/64      AC: 24    Str: 21    XL:     8   Next: 23%
Magic:  3/3        EV:  4    Int: 12    God:    Makhleb [**....]
Gold:   66         SH:  0    Dex: 15    Spells: 7/7 levels left

rFire    + . .     SeeInvis .   G - +3 morningstar "Tociad" {antimagic, rElec rN+} (curse)
rCold    + + .     Gourm    .   (no shield)
rNeg     + . .     Faith    .   a - +9 scales of the Dragon King {rPois rF+ rC+ MR+}
rPois    +         Spirit   .   (helmet restricted)
rElec    +         Reflect  .   i - scarf {repulsion}
rCorr    .         Harm     .   f - +0 pair of gloves
MR       +....                  (no boots)
Stlth    ..........             n - amulet of the acrobat
HPRegen  0.20/turn              v - +2 ring of strength
MPRegen  0.08/turn              I - +5 ring of strength

@: repel missiles
A: antennae 1, claws 1, cold resistance 1, nightstalker 1
a: Minor Destruction, Renounce Religion


You were on level 6 of the Dungeon.
You worshipped Makhleb.
Makhleb was pleased with you.
You were hungry.

You visited 1 branch of the dungeon, and saw 7 of its levels.

You collected 327 gold pieces.
You spent 261 gold pieces at shops.

Inventory:

Hand Weapons
 E - a +3 whip of flaming
 G - the cursed +3 morningstar "Tociad" (weapon) {antimagic, rElec rN+}
   (You bought it in a shop on level 5 of the Dungeon)

   It reduces the magical energy of the wielder, and disrupts the spells and
   magical abilities of those hit.
   Natural abilities and divine invocations are not affected.
   It insulates you from electricity.
   It protects you from negative energy.
   It has a curse placed upon it.
Missiles
 e - 192 stones (quivered)
Armour
 a - the +9 scales of the Dragon King (worn) {rPois rF+ rC+ MR+}
   (You found it on level 4 of the Dungeon)

   It protects you from fire.
   It protects you from cold.
   It protects you from poison.
   It affects your resistance to hostile enchantments.
 f - a +0 pair of gloves (worn)
 i - a scarf of repulsion (worn)
 w - a +0 buckler
Jewellery
 n - an amulet of the acrobat (around neck)
 v - a +2 ring of strength (left hand)
 I - a +5 ring of strength (right hand)
Wands
 b - a wand of acid (9)
 h - a wand of disintegration (25)
 r - a wand of polymorph (12)
Scrolls
 g - 3 scrolls of remove curse
 p - 5 scrolls of identify {unknown}
 t - a scroll of fear {unknown}
 z - a scroll of amnesia {unknown}
 A - 2 scrolls of teleportation {unknown}
 B - a scroll of random uselessness {unknown}
 H - a scroll of enchant armour {unknown}
Potions
 d - a potion of curing {unknown}
 j - a potion of resistance {unknown}
 l - 2 potions of brilliance {unknown}
 m - a potion of flight {unknown}
 o - a potion of mutation {unknown}
 s - 2 potions of invisibility
 u - 2 potions of heal wounds {unknown}
 x - 2 potions of haste
 C - a potion of berserk rage {unknown}
 D - 3 potions of agility {unknown}
Comestibles
 c - 7 rations


   Skills:
 + Level 5.7 Fighting
   Level 3.3 Long Blades
 * Level 3.1 Maces & Flails
   Level 1.0 Polearms
 * Level 4.9 Armour
 - Level 3.8 Dodging
 - Level 2.6 Stealth
 + Level 3.3 Invocations


You had 7 spell levels left.
You didn't know any spells.
Your spell library contained the following spells:

 Spells                   Type           Power        Failure   Level  Hunger
 Animate Skeleton         Necr           N/A          100%        1    ##.....
 Apportation              Tloc           #.....       100%        1    ##.....
 Beastly Appendage        Tmut           #.....       100%        1    ##.....
 Confusing Touch          Hex            #.....       100%        1    ##.....
 Summon Small Mammal      Summ           #...         100%        1    ##.....
 Sticks to Snakes         Tmut           #.......     100%        2    ###....
 Confuse                  Hex            #.......     100%        3    ####...
 Gell's Gravitas          Tloc           #.........   100%        3    ####...
 Spider Form              Tmut/Pois      #.........   100%        3    ####...
 Ice Form                 Ice/Tmut       #.......     100%        4    #####..
 Petrify                  Tmut/Erth      #.......     100%        4    #####..
 Blade Hands              Tmut           #.........   100%        5    ######.
 Metabolic Englaciation   Hex/Ice        #.........   100%        5    ######.
 Yara's Violent Unravell  Hex/Tmut       #.........   100%        5    ######.


Dungeon Overview and Level Annotations

Branches:
Dungeon (7/15)             Temple (0/1) D:6

Altars:
Fedhas
Hepliaklqana
Kikubaaqudgha
Makhleb
Ru
Sif Muna
Uskayaw
Vehumet
Wu Jian
Xom

Shops:
D:5 (

Annotations:
D:4 3 runed translucent doors, diiiiiane's ghost, amateur OpAs
D:6 1 runed translucent door, Crazy Yiuf


Innate Abilities, Weirdness & Mutations

You have a pair of small antennae on your head.
You have sharp fingernails.
Your flesh is cold resistant. (rC+)
You are slightly more attuned to the shadows.


Message History

The cyan ugly thing kicks you but does no damage.
The cyan ugly thing kicks you. The cyan ugly thing shocks you. You resist.
Your scales of the Dragon King prevents you from hitting the cyan ugly thing.
The cyan ugly thing kicks you! The cyan ugly thing shocks you. You resist.
You barely miss the cyan ugly thing. The cyan ugly thing kicks you!
* * * LOW HITPOINT WARNING * * *
The cyan ugly thing shocks you. You resist.
* * * LOW HITPOINT WARNING * * *
Unknown command.
Okay, then.
Here: a cyan ugly thing (heavily wounded)
The floor, spattered with blood.
Here: a cyan ugly thing (heavily wounded)
The floor, spattered with blood.
A demon appears!
You can no longer summon a lesser servant of Makhleb.
The cyan ugly thing kicks you!
* * * LOW HITPOINT WARNING * * *
The cyan ugly thing shocks you. You resist.
You die...

#.........# ##....
###..#.##.######.....
##.#.##............
#......######.....
##......######....
###.......# ##...
#####.[....# ###..
##.....#.#..###....
#.@#####.........#.
.....u..3........##....
..$...........#..##....
.....?...###..##.##....
.......... #...#.......
#########.###..........
..##.###......
.............
.........."..


You could see a cyan ugly thing and a friendly smoke demon.

Vanquished Creatures
  An ogre (D:7)
  A centaur (D:5)
  2 bullfrogs
  A water moccasin zombie (D:7)
  3 crimson imps
  2 bullfrog zombies
  3 hounds
  2 orc priests (D:4)
  2 bullfrog skeletons (D:5)
  A centaur skeleton (D:5)
  2 orc wizards (D:4)
  Terence (D:2)
  2 iguanas
  Natasha (thrice) (D:2)
  A worker ant (D:5)
  A killer bee zombie (D:5)
  Robin (D:4)
  4 gnolls (D:5)
  6 adders
  2 shadow imps
  An adder skeleton (D:4)
  5 worms (D:2)
  2 dart slugs (D:4)
  3 leopard geckos
  7 orcs
  4 giant cockroaches
  13 goblins
  7 hobgoblins
  12 jackals
  9 kobolds
  2 quokkas (D:5)
  3 bats
  3 frilled lizards
  5 rats
117 creatures vanquished.

Notes
Turn   | Place    | Note
-------+----------+-------------------------------------------
     0 | D:1      | Goreval the Demonspawn Monk began the quest for the Orb.
     0 | D:1      | Reached XP level 1. HP: 18/18 MP: 1/1
   434 | D:1      | Gained mutation: You have a pair of small antennae on your
                  | head. [demonic ancestry]
   434 | D:1      | Reached XP level 2. HP: 20/24 MP: 2/2
   831 | D:2      | Gained mutation: You have sharp fingernails. [demonic
                  | ancestry]
   831 | D:2      | Reached XP level 3. HP: 13/30 MP: 3/3
  1384 | D:2      | You fall into a shaft and drop 2 floors!
  1409 | D:4      | Reached skill level 4 in Fighting
  1409 | D:4      | Reached XP level 4. HP: 25/37 MP: 4/4
  1510 | D:4      | Found a runed translucent gate.
  1511 | D:4      | Found a runed translucent gate.
  1512 | D:4      | Found a runed translucent gate.
  1512 | D:4      | Noticed an ogre
  1897 | D:4      | Found the +9 scales of the Dragon King {rPois rF+ rC+ MR+}
  1929 | D:5      | Entered Level 5 of the Dungeon
  1964 | D:4      | Noticed diiiiiane's ghost (amateur OpAs)
  1969 | D:4      | Noticed an ice beast
  2002 | D:4      | Reached XP level 5. HP: 40/43 MP: 5/5
  2017 | D:4      | Reached skill level 1 in Armour
  2452 | D:4      | Found a shimmering blue altar of Sif Muna.
  2653 | D:3      | You fall into a shaft and drop 3 floors!
  2715 | D:5      | Reached XP level 6. HP: 18/49 MP: 6/6
  2960 | D:4      | Noticed Robin
  3098 | D:2      | Noticed Terence
  3123 | D:2      | Killed Terence
  3220 | D:2      | Noticed Natasha
  3228 | D:2      | Killed Natasha
  3283 | D:2      | Noticed Natasha
  3289 | D:2      | Killed Natasha
  3326 | D:2      | Noticed Natasha
  3333 | D:2      | Killed Natasha
  3374 | D:2      | Reached skill level 5 in Fighting
  3903 | D:3      | Found a burning altar of Makhleb.
  3904 | D:3      | Found a radiant altar of Vehumet.
  3921 | D:3      | Became a worshipper of Makhleb the Destroyer
  3921 | D:3      | Reached * piety under Makhleb
  3921 | D:3      | Reached ** piety under Makhleb
  4036 | D:3      | Found a hide-covered altar of Uskayaw.
  4036 | D:3      | Found a blossoming altar of Fedhas.
  4254 | D:4      | Killed Robin
  4500 | D:4      | Found an ornate altar of the Wu Jian Council.
  4500 | D:4      | Found an ancient bone altar of Kikubaaqudgha.
  4505 | D:4      | Found a faded altar of an unknown god.
  4507 | D:4      | Found a faded altar of an unknown god.
  4508 | D:4      | Found a sacrificial altar of Ru.
  4616 | D:4      | Gained mutation: You are slightly more attuned to the
                  | shadows. [demonic ancestry]
  4616 | D:4      | Reached XP level 7. HP: 50/56 MP: 7/7
  4893 | D:5      | Reached skill level 1 in Invocations
  4937 | D:5      | Reached skill level 1 in Polearms
  5021 | D:5      | Reached skill level 1 in Maces & Flails
  5168 | D:5      | Found Ecuitollo's Antique Weapon Boutique.
  5174 | D:5      | Bought a slimy morningstar for 261 gold pieces
  5175 | D:5      | Identified the cursed +3 morningstar "Tociad" {antimagic,
                  | rElec rN+} (You bought it in a shop on level 5 of the
                  | Dungeon)
  5483 | D:5      | Found a shimmering altar of Xom.
  5690 | D:7      | Gained mutation: Your flesh is cold resistant. (rC+)
                  | [demonic ancestry]
  5690 | D:7      | Reached XP level 8. HP: 63/63 MP: 3/10
  5701 | D:6      | Reached *** piety under Makhleb
  5798 | D:6      | Found a hazy altar of Hepliaklqana.
  5850 | D:6      | Found a runed translucent door.
  5851 | D:6      | Noticed Crazy Yiuf
  5913 | D:6      | Found a staircase to the Ecumenical Temple.
  6014 | D:6      | Noticed a cyan ugly thing
  6026 | D:6      | HP: 1/64 [cyan ugly thing (10)]
  6026 | D:6      | Slain by a cyan ugly thing

Levels and vault maps discovered:
D:1:      minmay_arrival_four_loops, layout_rooms
D:2:      layout_rooms, first_ration, uniq_natasha, uniq_terence
D:3:      layout_loops_ring, grunt_temple_overflow_lords_of_destruction,
          chequers_temple_overflow_statue_of_worship
D:4:      layout_basic, chequers_temple_overflow_minitemple, led_sif_book,
          gammafunk_ghost_split, uniq_robin
D:5:      layout_basic, old_standard_altar, serial_shops, shop, kennysheep_donut
D:6:      layout_rooms, old_standard_altar, minmay_temple_entry_wispy,
          uniq_crazy_yiuf_cottage
D:7:      cheibrodos_helix_gallery, layout_rooms

Skill      XL: |  1  2  3  4  5  6  7  8 |
---------------+-------------------------+-----
Dodging        | 3 |  3.8
Fighting       | 4 5 |  5.7
Stealth        | 2 |  2.6
Long Blades    | 3 |  3.3
Armour         | 1 3 4 |  4.9
Invocations    | 2 3 |  3.3
Polearms       | 1 |  1.0
Maces & Flails | 2 3 |  3.1

Action                   |  1- 3 |  4- 6 |  7- 9 || total
-------------------------+-------+-------+-------++-------
Melee: Falchion          |    85 |    51 |       ||   136
       Long sword        |       |   211 |       ||   211
       Spear             |       |   120 |       ||   120
       Whip              |       |       |    67 ||    67
       Morningstar       |       |       |   100 ||   100
Throw: Stone             |    11 |     9 |    26 ||    46
Invok: Lesser Servant of |       |       |     1 ||     1
  Use: Scroll            |       |     1 |       ||     1
 Stab: Sleeping          |     6 |       |       ||     6
  Eat: Chunk             |     2 |    10 |     5 ||    17
Armor: Robe              |     2 |       |       ||     2
       Leather armour    |     9 |    15 |       ||    24
       Gold dragon scale |       |   387 |   207 ||   594
Dodge: Dodged            |    51 |    71 |    47 ||   169
       Deflected         |       |       |     1 ||     1
       Rpst.: Falchion   |    20 |    10 |       ||    30
       Long sword        |       |     5 |       ||     5
